 Dungeon Crawl Stone Soup version 0.26-a0-1107-g6118521029 (webtiles) character file.

Game seed: 6497381010706084598

4 lordlovebone the Grasshopper (level 1, 0/17 HPs)
             Began as a Demigod Wanderer on Dec 16, 2020.
             Succumbed to a hobgoblin's poison
             ... on level 2 of the Dungeon.
             The game lasted 00:01:07 (122 turns).

lordlovebone the Grasshopper (Demigod Wanderer)      Turns: 122, Time: 00:01:08

Health: 0/17       AC:  2    Str: 17    XL:     1   Next: 46%
Magic:  3/3        EV: 11    Int: 17    God:
Gold:   21         SH:  0    Dex: 12    Spells: 0/0 levels left

rFire    . . .     SeeInvis .   a - +0 spear
rCold    . . .     Faith    .   (no shield)
rNeg     . . .     Spirit   .   d - +0 robe
rPois    .         Reflect  .   (no helmet)
rElec    .         Harm     .   (no cloak)
rCorr    .         Rampage  .   (no gloves)
Will     .....                  (no boots)
Stlth    ++........             (no amulet)
HPRegen  0.05/turn              (no ring)
MPRegen  0.08/turn              (no ring)

@: lethally poisoned (0 -> -3), about to teleport
A: high mp 1
a: no special abilities


You were on level 2 of the Dungeon.
You visited 1 branch of the dungeon, and saw 2 of its levels.

You collected 21 gold pieces.

Inventory:

Hand Weapons
 a - a +0 spear (weapon)
Missiles
 b - 4 stones (quivered)
Armour
 d - a +0 robe (worn)


   Skills:
 + Level 2.0 Fighting
 - Level 1.0 Armour
 - Level 1.0 Stealth
 - Level 2.0 Summonings
 - Level 2.6 Translocations
 - Level 1.0 Evocations


You couldn't memorise any spells.
You didn't know any spells.
Your spell library contained the following spells:

 Spells                   Type           Power        Failure   Level
 Summon Small Mammal      Summ           #...         11%         1
 Call Imp                 Summ           #.......     16%         2
 Foxfire                  Conj/Fire      #...         24%         1
 Call Canine Familiar     Summ           #.......     30%         3
 Summon Guardian Golem    Hex/Summ       #.......     43%         3
 Conjure Flame            Conj/Fire      #.......     56%         3
 Summon Ice Beast         Ice/Summ       #.......     83%         4
 Summon Lightning Spire   Summ/Air       #.......     83%         4


Dungeon Overview and Level Annotations

Branches:
Dungeon (2/15)


Innate Abilities, Weirdness & Mutations

You have an increased reservoir of magic. (+10% MP)


Message History

You are poisoned.
The hobgoblin hits you.
You take 3 damage, and have 14/17 hp.
Unknown command.
Unknown command.
Unknown command.
Unknown command.
You feel sick. The bat barely misses you.
You take 1 damage, and have 13/17 hp.
Unknown command.
Unknown command.
Unknown command.
Unknown command.
Unknown command.
Unknown command.
Evoke which item? (* to show all) (? for menu, Esc to quit)
Okay, then.
The bat hits you but does no damage.
You feel sick. The bat closely misses you. The bat closely misses you.
The hobgoblin throws a poisoned dart.
The poisoned dart hits you!
You are lethally poisoned!
You see here a poisoned dart.
Unknown command.
You feel sick. The bat hits you but does no damage.
You take 1 damage, and have 12/17 hp.
You feel sick. The bat hits you.
You take 2 damage, and have 10/17 hp.
You aren't carrying any potions.
As you read the scroll labelled FEYW WONGISO, it crumbles to dust.
It is a scroll of identify.
You don't have any unidentified items.
You feel sick.
You take 1 damage, and have 9/17 hp.
You feel sick.
You take 1 damage, and have 8/17 hp.
A frilled lizard comes into view.
You feel sick.
The frilled lizard hisses angrily.
You take 1 damage, and have 7/17 hp.
Unknown command.
You feel sick.
You take 1 damage, and have 6/17 hp.
Unknown command.
A frilled lizard and a kobold come into view.
* * * LOW HITPOINT WARNING * * *
You feel sick.
Found 21 arrows.
Found a stone staircase leading down.
You see here a scroll labelled DACVINOUSO.
You take 1 damage, and have 5/17 hp.
Unknown command.
Unknown command.
* * * LOW HITPOINT WARNING * * *
You feel sick.
You take 1 damage, and have 4/17 hp.
The frilled lizard hisses angrily.
The bat barely misses you. The bat hits you but does no damage.
There is a stone staircase leading down here.
Unknown command.
* * * LOW HITPOINT WARNING * * *
You feel sick. The bat hits you but does no damage.
The frilled lizard bites you but does no damage.
You climb downwards.
There is a stone staircase leading up here.
You take 1 damage, and have 3/17 hp.
Unknown command.
Unknown command.
Unknown command.
* * * LOW HITPOINT WARNING * * *
You feel sick.
You take 1 damage, and have 2/17 hp.
Unknown command.
The frilled lizard closely misses you.
Unknown command.
* * * LOW HITPOINT WARNING * * *
You feel sick.
You see here a scroll labelled QOWKOR WUGARPHA.
You take 1 damage, and have 1/17 hp.
Unknown command.
You hit the frilled lizard.
You kill the frilled lizard!
Unknown command.
* * * LOW HITPOINT WARNING * * *
You feel sick.
You see here a scroll labelled QOWKOR WUGARPHA.
You take 1 damage, and have 1/17 hp.
c - a scroll labelled QOWKOR WUGARPHA
As you read the scroll labelled QOWKOR WUGARPHA, it crumbles to dust.
You feel strangely unstable.
It was a scroll of teleportation.
Unknown command.
Unknown command.
You aren't carrying any potions.
You aren't carrying any scrolls.
Unknown command.
There is a lethal amount of poison in your body!
Unknown command.
Unknown command.
Unknown command.
You die...

#).... .......
#.....###....#
#...........#
............#
#..).....<..#
............#
#..........#
...#........#
#......@....#
###.....$...#
#.######### #.
#


There were no monsters in sight!

Vanquished Creatures
  A goblin (D:1)
  2 frilled lizards
  2 kobolds (D:1)
5 creatures vanquished.

Notes
Turn   | Place    | Note
-------+----------+-------------------------------------------
     0 | D:1      | lordlovebone the Demigod Wanderer began the quest for the
                  | Orb.
     0 | D:1      | lordlovebone set off with the following items: a +0 spear,
                  | a +0 robe; and the following spells available to memorise:
                  | Summon Small Mammal, Call Imp, Foxfire, Call Canine
                  | Familiar, Summon Guardian Golem, Conjure Flame, Summon Ice
                  | Beast, Summon Lightning Spire
     0 | D:1      | Reached XP level 1. HP: 17/17 MP: 3/3
    79 | D:1      | Reached skill level 2 in Fighting
    79 | D:1      | Reached skill level 2 in Summonings
   108 | D:1      | HP: 4/17 [poisoned by a hobgoblin]
   115 | D:2      | HP: 1/17 [poisoned by a hobgoblin]
   122 | D:2      | Succumbed to a hobgoblin's poison

Illustrated notes

Levels and vault maps discovered:
D:1:      saegor_arrival_simple_d, layout_rooms, chequers_serial_rivers_large_b
D:2:      layout_rooms, nicolae_gozag_cash_rules_everything_around_me,
          uniq_jessica

Skill      XL: |  1 |
---------------+----+-----
Fighting       | 2 |  2.0
Summonings     | 2 |  2.0
Armour         | |  1.0
Stealth        | |  1.0
Translocations | |  2.6
Evocations     | |  1.0

Action                   || total
-------------------------++-------
Melee: Spear             ||    12
  Use: Scroll            ||     2
Armor: Robe              ||     6
Dodge: Dodged            ||    11

Table legend: (Time is in decaauts)
 A = Elapsed time spent in this place.
 B = Non-inter-level travel time spent in this place.
 C = Inter-level travel time spent in this place.
 D = Time resting spent in this place.
 E = Time spent auto-exploring this place.
 F = Levels seen in this place.
 G = Mean time per level.
                   A        B        C        D        E       F      G
               +--------+--------+--------+--------+--------+-----+--------+
         Total |    123 |    123 |      0 |      0 |     64 |   2 |   61.5 |
       Dungeon |    123 |    123 |      0 |      0 |     64 |   2 |   61.5 |
               +--------+--------+--------+--------+--------+-----+--------+

Top non-repeatable levels by time:
     D:1: 112 daAuts
     D:2: 10 daAuts

Table legend:
 A = Kills in this place as a percentage of kills in entire the game.
 B = Kills by you in this place as a percentage of kills by you in the entire game.
 C = Kills by friends in this place as a percentage of kills by friends in the entire game.
 D = Other kills in this place as a percentage of other kills in the entire game.
 E = Experience gained in this place as a percentage of experience gained in the entire game.
 F = Experience gained in this place divided by the number of levels of this place that you have seen.
                   A       B       C       D       E      F
               +-------+-------+-------+-------+-------+----------------------
         Total | 100.0 | 100.0 |   N/A |   N/A | 100.0 |   3.5
       Dungeon | 100.0 | 100.0 |   N/A |   N/A | 100.0 |   3.5
               +-------+-------+-------+-------+-------+----------------------
